 Dungeon Crawl Stone Soup version 0.20-a0-556-g892c87b (webtiles) character file.

57 terra52 the Charmwright (level 3, -1/27 HPs)
             Began as a Vampire Skald on Feb 6, 2017.
             Killed by nerve-wracking pain
             ... invoked by Jessica
              (9 damage)
             ... on level 2 of the Dungeon.
             The game lasted 00:03:36 (1233 turns).

terra52 the Charmwright (Vampire Skald)             Turns: 1233, Time: 00:03:36

Health: -1/27      AC:  3    Str: 10    XL:     3   Next: 73%
Magic:  1/6        EV: 12    Int: 16    God:
Gold:   132        SH:  0    Dex: 13    Spells: 5/6 levels left

rFire    . . .     SeeInvis +   a - +0 spear
rCold    . . .     Gourm    .   b - +0 leather armour
rNeg     . . .     Faith    .   (no shield)
rPois    .         Spirit   .   (no helmet)
rElec    .         Reflect  .   (no cloak)
rCorr    .         Harm     .   (no gloves)
MR       .....                  (no boots)
Stlth    +.........             (no amulet)
Regen    0.3/turn               (no ring)
                                (no ring)

@: regenerating quickly
A: fangs 3, see invisible, unbreathing
a: no special abilities


You were on level 2 of the Dungeon.
You were full.

You visited 1 branch of the dungeon, and saw 2 of its levels.

You collected 132 gold pieces.

Inventory:

Hand Weapons
 a - a +0 spear (weapon)
Armour
 b - a +0 leather armour (worn)
Scrolls
 f - a scroll of remove curse {unknown}
 g - a scroll of enchant weapon {unknown}
 h - a scroll of immolation {unknown}
 j - a scroll of identify {unknown}
 k - a scroll of amnesia {unknown}
Potions
 d - 8 potions of blood
 e - a potion of heal wounds {unknown}
 i - a potion of brilliance {unknown}
Books
 c - a book of Battle

   Spells                             Type                      Level
   a - Infusion                       Charms                       1
   b - Shroud of Golubria             Charms/Translocation         2
   c - Song of Slaying                Charms                       2
   d - Spectral Weapon                Hexes/Charms                 3
   e - Regeneration                   Charms/Necromancy            3


   Skills:
 + Level 2.0 Fighting
 + Level 2.2 Polearms
 + Level 1.1 Armour
 + Level 3.1 Dodging
 + Level 2.1 Spellcasting
 + Level 3.7 Charms


You had 5 spell levels left.
You knew the following spells:

 Your Spells              Type           Power        Failure   Level  Hunger
a - Infusion              Chrm           ##..         8%          1    #......


Dungeon Overview and Level Annotations

Branches:
Dungeon (2/15)

Altars:

Annotations:
D:2 Jessica


Innate Abilities, Weirdness & Mutations

Your natural rate of healing is unusually fast.
You have razor-sharp teeth.
You have supernaturally acute eyesight. (SInv)
You can survive without breathing.


Message History

Jessica shouts, "Stop bothering me, or I'll kill you!"
Jessica barely misses you.
Your leather armour prevents you from hitting Jessica.
Jessica is severely wounded.
Jessica casts a spell.
Jessica seems to speed up.
You closely miss Jessica.
Jessica is severely wounded.
Jessica hits you with a club.
* * * LOW HITPOINT WARNING * * *
Jessica grins evilly.
Jessica completely misses you.
You hit Jessica.
Jessica is severely wounded.
Jessica barely misses you.
You closely miss Jessica.
Jessica is severely wounded.
Jessica points at you and mumbles some strange words.
Pain shoots through your body!
You die...

#.........# ... #
#.........# #.... #.
##.........#....#.
###.###..###.####..#....
..$.....####..##..##....
........................
........#####...##......
#...........#.# #.##.
##.#.@..####.....#.##.
.....%@.†#..............
##..............###.<#..
#...#...>......###.##.#
#...####.........#.##..
.... .........#.##.. ##.
......#....##.. #.
......##...##.. .
.##.......


You could see Jessica.

Vanquished Creatures
  An adder (D:2)
  A worm (D:2)
  3 dart slugs
  2 leopard geckos (D:1)
  5 bats
  2 giant cockroaches (D:2)
  3 goblins
  8 hobgoblins
  A ball python (D:1)
  4 kobolds
  5 rats
35 creatures vanquished.

Notes
Turn   | Place    | Note
-------+----------+-------------------------------------------
     0 | D:1      | terra52 the Vampire Skald began the quest for the Orb.
     0 | D:1      | Reached XP level 1. HP: 16/16 MP: 3/3
   112 | D:1      | Reached XP level 2. HP: 22/22 MP: 3/5
   641 | D:2      | Reached XP level 3. HP: 14/27 MP: 2/6
  1101 | D:2      | Reached skill level 1 in Armour
  1206 | D:2      | Noticed Jessica
  1233 | D:2      | Killed from afar by Jessica

Vault maps used:
D:1:      scummos_arrival_gate
D:2:      lemuel_doored_altar, first_bread, okawaru_altar_gauntlet_db,
          uniq_jessica

Skill      XL: |  1  2  3 |
---------------+----------+-----
Polearms       | 2 |  2.2
Fighting       | 2 |  2.0
Dodging        | 3 |  3.1
Armour         | 1 |  1.1
Spellcasting   | |  2.1
Charms         | |  3.7

Action                   || total
-------------------------++-------
Melee: Spear             ||   132
       Bite              ||     4
 Cast: Infusion          ||     6
 Stab: Sleeping          ||     1
  Eat: Corpse            ||     7
Armor: Leather armour    ||    36
Dodge: Dodged            ||    79
